 Seeded DCSS version 0.31-a0-196-g86fe4a5e66 (webtiles) character file.

Game seed: 20230624 (custom seed)

799 innerfire43 the Ducker (level 7, -5/45 (49) HPs)
             Began as a Demonspawn Monk on June 24, 2023.
             Was an Elder of Hepliaklqana.
             Slain by a wight
             ... wielding a +1 great sword
              (11 damage)
             ... on level 4 of the Dungeon.
             The game lasted 00:05:26 (3566 turns).

innerfire43 the Ducker (Demonspawn Monk)            Turns: 3566, Time: 00:05:31

HP:   -5/45 (49)    AC: 11    Str: 13    XL:     7   Next: 59%
MP:   7/7           EV:  4    Int: 11    God:    Hepliaklqana [****..]
Gold: 233           SH:  0    Dex: 16    Spells: 6/6 levels left

rFire   . . .        p - +0 club (spect)
rCold   . . .        d - orb {light}
rNeg    . . .        s - +0 plate armour
rPois   .            (helmet restricted)
rElec   .            k - +0 cloak
rCorr   .            (no gloves)
SInv    .            (no boots)
Will    .....        i - amulet of reflection Stlth
                     g - ring of wizardry
HPRegen 0.27/turn    (no ring)
MPRegen 0.10/turn

%: reflection, wizardry (x1)
@: confused, ambrosia-drunk, glowing, drained
A: reduced essence, horns 1, ignite blood 1, spiny 2, weakness stinger 1,
demonic touch 1
a: Renounce Religion, Recall Ancestor, Ancestor Identity, Transference, Idealise


You were on level 4 of the Dungeon.
You worshipped Hepliaklqana.
Hepliaklqana was greatly pleased with you.
You visited 1 branch of the dungeon, and saw 6 of its levels.

You collected 233 gold pieces.

Inventory:

Hand Weapons
 a - a +0 hand axe
 p - a +0 spectral club (weapon)
Missiles
 j - 4 silver boomerangs
Armour
 b - a +0 robe
 d - an orb of light (worn)
 k - a +0 cloak (worn)
 q - a +0 helmet
 s - a +0 plate armour (worn)
Jewellery
 g - a ring of wizardry (left hand)
 i - an amulet of reflection (around neck)
 l - an amulet of guardian spirit
Wands
 o - a wand of charming (3)
Scrolls
 h - a scroll of fog {unknown}
 r - a scroll of poison
 t - a scroll of brand weapon {unknown}
Potions
 e - 5 potions of heal wounds {unknown}
 f - a potion of might {unknown}
 m - a potion of brilliance {unknown}
 n - a potion of curing {unknown}


   Skills:
 + Level 4.8 Fighting
 - Level 4.0(4.7) Axes
 * Level 3.5(4.4) Maces & Flails
 * Level 5.6 Dodging


You had 6 spell levels left.
You didn't know any spells.
Your spell library contained the following spells:

 Spells                   Type           Power      Damage    Failure   Level
 Freeze                   Ice            0%         1d3       100%        1
 Frozen Ramparts          Ice            0%         1d1       100%        3
 Hailstorm                Conj/Ice       0%         3d3       100%        3


Dungeon Overview and Level Annotations

Branches:
Dungeon (6/15)
 Temple: D:4-7

Altars:
Hepliaklqana


Innate Abilities, Weirdness & Mutations

Your life essence is reduced to manifest your ancestor. (-10% HP)
You have a pair of small horns on your head.
Your demonic aura sometimes causes spilled blood to erupt in flames.
You are mostly covered in sharp spines.
You have a small tail.
Your touch may inflict minor irresistible damage on your foes.


Message History

The wight hits Takurtum with a +0 hand axe!
Takurtum hits the wight with a +0 dagger of draining.
Takurtum hits the wight with a +0 dagger of draining.
The wight hits Takurtum with a +1 great sword!
Takurtum is destroyed!
You hit the wight but do no damage.
You headbutt the wight, but do no damage.
You tail-slap the wight.
The wight is moderately damaged.
The wight hits you with a +0 hand axe! The wight is struck by your spines.
The wight hits you but does no damage.
You hit the wight but do no damage.
The wight is moderately damaged.
The wight barely misses you.
The wight hits you with a +1 great sword!
You feel drained.
Unknown command.
You hit the wight but do no damage.
You tail-slap the wight, but do no damage.
The wight is moderately damaged.
The wight hits you but does no damage. The wight is struck by your spines.
The wight hits you with a +1 great sword!
* * * LOW HITPOINT WARNING * * *
You are confused.
You feel invigorated. The wight hits you but does no damage.
The wight barely misses you.
You bump into the rock wall.
The wight is struck by your spines. The wight hits you with a +0 hand axe.
You feel drained.
The wight hits you with a +1 great sword.
You bump into the rock wall.
The wight hits you with a +0 hand axe!
* * * LOW HITPOINT WARNING * * *
The wight hits you with a +1 great sword!
* * * LOW HITPOINT WARNING * * *
You hit the wight but do no damage.
Your tail-slap misses the wight.
The wight is heavily damaged.
The wight is struck by your spines. The wight hits you with a +0 hand axe.
* * * LOW HITPOINT WARNING * * *
You feel drained. The wight is struck by your spines.
The wight hits you with a +1 great sword!
You die...

...~~~....#....†.....R..#
..~~~~~...###############
..~~.~~...#....#..
..~~~~~...#.##.#.#
...~~~....#.##.#.#
...............#.#
.........##.####.# #
#.##....###.....z#.##
#.###...........@z..#
#.#...#.#.########..#
..+...+..... .#
###...##.###. # #...##.#
#...##.# .. .. ###.


You could see 2 wights.

Vanquished Creatures
  A black bear (D:4)
  2 ogres (D:4)
  A scorpion (D:4)
  A sleepcap (D:5)
  3 orc wizards
  Natasha (thrice) (D:2)
  Robin (D:2)
  6 adders
  A gnoll (D:4)
  A river rat (D:4)
  2 worms (D:4)
  2 dart slugs
  7 orcs
  14 ball pythons
  9 bats
  2 endoplasms
  4 giant cockroaches
  12 goblins
  6 hobgoblins
  9 jackals
  7 kobolds
  6 quokkas
  3 frilled lizards
  6 rats
109 creatures vanquished.

Vanquished Creatures (collateral kills)
  A hound (D:4)
  7 gnolls
  A dart slug (D:2)
  5 goblins (D:2)
  A jackal (D:2)
  A rat (D:2)
16 creatures vanquished.

Vanquished Creatures (others)
  2 hexers
2 creatures vanquished.

Grand Total: 127 creatures vanquished

Notes
Turn   | Place    | Note
-------+----------+-------------------------------------------
     0 | D:1      | innerfire43 the Demonspawn Monk began the quest for the
                  | Orb.
     0 | D:1      | Reached XP level 1. HP: 18/18 MP: 1/1
   135 | D:1      | Discovered your monstrous ancestry.
   135 | D:1      | Gained mutation: Your touch may inflict minor irresistible
                  | damage on your foes. [demonic ancestry]
   135 | D:1      | Reached XP level 2. HP: 22/24 MP: 2/2
   170 | D:1      | Reached skill level 3 in Dodging
   505 | D:1      | Gained mutation: You are partially covered in sharp spines.
                  | [demonic ancestry]
   505 | D:1      | Reached XP level 3. HP: 21/29 MP: 3/3
   648 | D:1      | Found a faded altar of an unknown god.
   776 | D:1      | Prayed at the altar of an unknown god.
   776 | D:1      | Became a worshipper of Hepliaklqana the Forgotten
   776 | D:1      | Reached * piety under Hepliaklqana
   776 | D:1      | Reached ** piety under Hepliaklqana
   777 | D:1      | Remembered your ancestor Takurtum as a hexer
  1040 | D:2      | Gained mutation: You are mostly covered in sharp spines.
                  | [demonic ancestry]
  1040 | D:2      | Reached XP level 4. HP: 22/31 MP: 4/4
  1249 | D:2      | Noticed Natasha
  1256 | D:2      | Killed Natasha
  1257 | D:2      | Gained mutation: Your demonic aura sometimes causes spilled
                  | blood to erupt in flames. [demonic ancestry]
  1257 | D:2      | Reached XP level 5. HP: 12/37 MP: 5/5
  1364 | D:2      | Reached *** piety under Hepliaklqana
  1548 | D:2      | Noticed Robin
  1554 | D:2      | Reached skill level 4 in Dodging
  1563 | D:2      | Killed Robin
  1646 | D:2      | Noticed Natasha
  1653 | D:2      | Killed Natasha
  1887 | D:2      | Noticed Natasha
  1892 | D:2      | Killed Natasha
  1988 | D:2      | Reached skill level 1 in Maces & Flails
  2314 | D:3      | Gained mutation: You have a small tail. [demonic ancestry]
  2314 | D:3      | Reached XP level 6. HP: 40/43 MP: 6/6
  2401 | D:3      | You fall into a shaft and drop 3 floors!
  2429 | D:5      | Entered Level 5 of the Dungeon
  2654 | D:5      | Reached **** piety under Hepliaklqana
  2738 | D:4      | Found a glowing drain.
  2902 | D:4      | Reached skill level 5 in Dodging
  2947 | D:4      | Gained mutation: You have a pair of small horns on your
                  | head. [demonic ancestry]
  2947 | D:4      | Reached XP level 7. HP: 14/49 MP: 7/7
  3566 | D:4      | Slain by a wight

Illustrated notes

Levels and vault maps discovered:
D:1:      dpeg_arrival_rhombi, layout_basic,
          hellmonk_ecumenical_altar_inner_sanctum,
          minmay_misc_feat_four_crosses, chequers_garden
D:2:      layout_loops_corners, nrook_loot_triangle, st_stairs_5, uniq_robin,
          uniq_natasha
D:3:      layout_loops_cross, doesnt_xom_only_xom
D:4:      layout_basic, portal_sewer_entry_a
D:5:      nicolae_cairo_tiling_very_big, layout_gridville, serial_shops, shop,
          uniq_pikel, uniq_prince_ribbit1
D:6:      layout_basic, slow_altar_1, mainiacjoe_overflow_brackets,
          serial_shops, shop, serial_glass, glass_columns_a, glass_columns_c,
          due_unseen_surprise, interstate_on_off, minmay_shop_grid_forest,
          ebering_dispersal_statue_hall, uniq_menkaure, uniq_crazy_yiuf_cottage,
          uniq_blork_the_orc

Skill      XL: |  1  2  3  4  5  6  7 |
---------------+----------------------+-----
Axes           | 3 4 |  4.0
Dodging        | 3 4 5 |  5.6
Maces & Flails | 1 2 3 |  3.5
Fighting       | 4 |  4.8

Action                     |  1- 3 |  4- 6 |  7- 9 || total
---------------------------+-------+-------+-------++-------
  Melee: Hand axe          |    89 |    44 |       ||   133
         Club              |       |    87 |    24 ||   111
         Tailslap          |       |    12 |     4 ||    16
         Headbutt          |       |       |    10 ||    10
 Invoke: Ancestor Life: He |     1 |       |       ||     1
         Recall Ancestor   |       |     1 |       ||     1
    Use: Scroll            |       |     3 |       ||     3
         Potion            |       |       |     1 ||     1
   Stab: Confused          |       |     2 |       ||     2
         Distracted        |       |     2 |       ||     2
 Armour: Robe              |    20 |     8 |       ||    28
         Plate armour      |       |    40 |    14 ||    54
  Dodge: Dodged            |    94 |    46 |     7 ||   147
  Block: Orb               |     1 |    35 |     3 ||    39

Table legend: (Time is in decaauts)
 A = Elapsed time spent in this place.
 B = Non-inter-level travel time spent in this place.
 C = Inter-level travel time spent in this place.
 D = Time resting spent in this place.
 E = Time spent auto-exploring this place.
 F = Levels seen in this place.
 G = Mean time per level.
                   A        B        C        D        E       F      G
               +--------+--------+--------+--------+--------+-----+--------+
         Total |   3596 |   3410 |    186 |      0 |   2755 |   6 |  599.3 |
       Dungeon |   3596 |   3410 |    186 |      0 |   2755 |   6 |  599.3 |
               +--------+--------+--------+--------+--------+-----+--------+

Top non-repeatable levels by time:
     D:2: 1342 daAuts
     D:1: 982 daAuts
     D:4: 915 daAuts
     D:5: 230 daAuts
     D:3: 97 daAuts
     D:6: 28 daAuts
